 Dungeon Crawl Stone Soup version 0.24-a0-415-g6d73c25c48 (webtiles) character file.

Game seed: 2337703109518415809

1108 emperorscorpion the Cleaver (level 8, -1/73 HPs)
             Began as a Minotaur Berserker on June 7, 2019.
             Was a Believer of Trog.
             Slain by Fannar
             ... wielding an uncursed staff of cold
              (3 damage)
             ... on level 10 of the Dungeon.
             The game lasted 00:08:45 (1037 turns).

emperorscorpion the Cleaver (Minotaur Berserker)    Turns: 1037, Time: 00:08:46

Health: -1/73      AC:  3    Str: 24    XL:     8   Next: 11%
Magic:  7/7        EV: 13    Int:  4    God:    Trog [**....]
Gold:   153        SH:  0    Dex: 10    Spells: 7/7 levels left

rFire    . . .     SeeInvis .   a - +0 hand axe
rCold    . . .     Gourm    .   (no shield)
rNeg     . . .     Faith    .   l - +0 leather armour (curse)
rPois    .         Spirit   .   (helmet restricted)
rElec    .         Reflect  .   (no cloak)
rCorr    .         Harm     .   (no gloves)
MR       .....                  (no boots)
Stlth    +.........             n - amulet of regeneration
HPRegen  0.62/turn              (no ring)
MPRegen  0.10/turn              (no ring)

@: berserk cooldown, slowed, very slow
A: retaliatory headbutt, horns 2
a: Berserk, Trog's Hand, Renounce Religion


You were on level 10 of the Dungeon.
You worshipped Trog.
Trog was pleased with you.
You were not hungry.

You visited 1 branch of the dungeon, and saw 10 of its levels.

You collected 153 gold pieces.

Inventory:

Hand Weapons
 a - a +0 hand axe (weapon)
 g - a +0 trident
 m - a +2 spear of piercing
 r - a cursed -1 flail
Missiles
 f - 4 poisoned darts
 k - 3 atropa-tipped darts (quivered)
 p - 2 throwing nets
Armour
 b - a +0 animal skin
 l - a cursed +0 leather armour (worn)
Jewellery
 n - an amulet of regeneration (around neck)
 o - an uncursed ring of fire
Wands
 i - a wand of scattershot (4)
Scrolls
 e - 2 scrolls of identify {unknown}
 h - 2 scrolls of remove curse {unknown}
 j - a scroll of blinking {unknown}
Miscellaneous
 d - a lamp of fire
Comestibles
 c - 2 rations


   Skills:
 + Level 7.0 Fighting
 + Level 8.2 Axes
 + Level 1.2 Throwing
 + Level 4.4 Armour
 + Level 4.6 Dodging
 + Level 0.6 Stealth
 + Level 0.1 Evocations


You had 7 spell levels left.
You didn't know any spells.
Your spell library was empty.

Dungeon Overview and Level Annotations

Branches:
Dungeon (10/15)
 Temple: D:4-7         Lair: D:8-11         Orc: D:9-12

Altars:
Uskayaw

Annotations:
D:10 Fannar


Innate Abilities, Weirdness & Mutations

You reflexively headbutt those who attack you in melee.
You have a pair of horns on your head.


Message History

* * * LOW HITPOINT WARNING * * *
Fannar freezes you!
* * * LOW HITPOINT WARNING * * *
Throwing (i - inventory. (/) - cycle)
k - 4 atropa-tipped darts (quivered)
Press: ? - help, Shift-Dir - straight line, f - Fannar
Aim: Fannar, wielding a staff of cold and wearing a +2 robe of cold resistance (severely wounded, covered in an icy film, chance to blind on hit: 3%)
You throw an atropa-tipped dart. The atropa-tipped dart hits Fannar.
Fannar resists.
Fannar is severely wounded.
Fannar mumbles some strange words.
Fannar drains the heat from the surrounding environment!
You feel very cold.
* * * LOW HITPOINT WARNING * * *
Fannar is frozen.
Fannar resists.
It was a potion of curing.
You feel better.
Fannar casts a spell.
Fannar hits you with an uncursed staff of cold!
* * * LOW HITPOINT WARNING * * *
Fannar freezes you!
You die...

.......#
#.....####......#
##........#......#
.........#......####
#...... #..........
#.....###..........
#.....#...........)
#.....#.....e......
#....@#..........PP
#.....e..........Pc
#...Y.#........#.PP
#######<......## ..
..............# P
..............#
..............#
..............#
..............#


You could see Fannar and an ice beast.

Vanquished Creatures
  3 yaks (D:8)
  A hungry ghost (D:9)
  A sky beast (D:6)
  A bullfrog (D:8)
  4 wights (D:9)
  A bullfrog zombie (D:9)
  2 orc wizards
  An orc priest (D:5)
  Natasha (D:3)
  3 gnolls (D:3)
  2 adders
  2 leopard geckos
  5 orcs
  2 bats
  2 goblins (D:3)
  2 hobgoblins (D:3)
  A kobold (D:3)
  2 quokkas (D:4)
  A ball python (D:3)
  3 frilled lizards (D:3)
  3 rats
43 creatures vanquished.

Notes
Turn   | Place    | Note
-------+----------+-------------------------------------------
     0 | D:1      | emperorscorpion the Minotaur Berserker began the quest for
                  | the Orb.
     0 | D:1      | Reached XP level 1. HP: 19/19 MP: 0/0
   166 | D:3      | Noticed an orc wizard
   181 | D:3      | Killed an orc wizard
   181 | D:3      | Reached skill level 4 in Axes
   181 | D:3      | Reached XP level 2. HP: 27/27 MP: 1/1
   181 | D:3      | Reached XP level 3. HP: 33/33 MP: 2/2
   379 | D:3      | Noticed Natasha
   387 | D:3      | Killed Natasha
   387 | D:3      | Reached XP level 4. HP: 16/41 MP: 3/3
   528 | D:3      | Reached skill level 5 in Axes
   528 | D:3      | Reached ** piety under Trog
   627 | D:5      | Entered Level 5 of the Dungeon
   627 | D:5      | Found a hide-covered altar of Uskayaw.
   663 | D:5      | Reached XP level 5. HP: 14/47 MP: 4/4
   667 | D:5      | Reached skill level 5 in Fighting
   721 | D:6      | Noticed a sky beast
   725 | D:6      | Killed a sky beast
   793 | D:8      | Noticed a yak
   800 | D:8      | Killed a yak
   800 | D:8      | Reached skill level 6 in Axes
   800 | D:8      | Reached XP level 6. HP: 57/57 MP: 5/5
   878 | D:9      | Noticed a hungry ghost
   891 | D:9      | Reached XP level 7. HP: 63/63 MP: 6/6
   898 | D:9      | Killed a hungry ghost
   898 | D:9      | Reached skill level 7 in Axes
   922 | D:8      | Noticed a yak
   922 | D:8      | Noticed a yak
   934 | D:8      | Reached skill level 1 in Throwing
   938 | D:8      | Killed a yak
   943 | D:8      | Killed a yak
   943 | D:8      | Reached skill level 8 in Axes
   943 | D:8      | Reached XP level 8. HP: 73/73 MP: 7/7
   970 | D:10     | Entered Level 10 of the Dungeon
  1005 | D:10     | Noticed Fannar
  1037 | D:10     | HP: 2/73 [Fannar/uncursed staff of cold (9)]
  1037 | D:10     | Slain by Fannar

Levels and vault maps discovered:
D:1:      dpeg_arrival_shelter, layout_basic, kennysheep_nondescript,
          kennysheep_doodads
D:2:      layout_loops_corners, makhleb_heckhound_becter, minmay_pentomino_x4,
          uniq_terence
D:3:      layout_loops_ring, ebering_ghost_gozag, portal_sewer_entry_c,
          uniq_robin, uniq_natasha
D:4:      layout_loops_ring, minitemple, ebering_ghost_disaster_area,
          first_ration
D:5:      layout_layer_cave, eat_drink_and_be_merry_uskayaw,
          minmay_temple_entry_nine_rooms
D:6:      cheibrodos_iron_armory, layout_loops_ring, elyvilon_altar_1,
          vehumet_statue, nicolae_qazlal_eye_of_the_storm, minmay_misc_feat_room
D:7:      cheibrodos_wizards_tower, layout_loops_ring, marbit_many_paths,
          minmay_shattered_shrine
D:8:      layout_basic, lair_entry_dummy, gammafunk_ghost_hydra_chop,
          uniq_harold
D:9:      layout_loops_ring, basic_altar, serial_shops, nicolae_shop_stone,
          minmay_misc_feat_nine_boxes
D:10:     layout_irregular_city, serial_shops, shop_statue,
          fedhas_bush_and_centaur_altar, uniq_fannar

Skill      XL: |  1  2  3  4  5  6  7 |
---------------+----------------------+-----
Fighting       | 4 5 6 7 |  7.0
Axes           | 4 5 6 8 |  8.2
Dodging        | 3 4 |  4.6
Armour         | 3 4 |  4.4
Throwing       | 1 |  1.2
Stealth        | |  0.6
Evocations     | |  0.1

Action                   |  1- 3 |  4- 6 |  7- 9 || total
-------------------------+-------+-------+-------++-------
Melee: Hand axe          |    36 |    42 |    46 ||   124
       Headbutt          |     4 |     6 |     6 ||    16
Throw: Dart              |     4 |     1 |     1 ||     6
Invok: Berserk           |     2 |     5 |     2 ||     9
       Trog's Hand       |       |     1 |       ||     1
Evoke: Wand              |       |     1 |       ||     1
  Use: Potion            |       |     2 |     1 ||     3
  Eat: Chunk             |       |     5 |     1 ||     6
       Ration            |       |       |     1 ||     1
Armor: Animal skin       |     2 |     1 |       ||     3
       Leather armour    |       |     5 |     4 ||     9
Dodge: Dodged            |    20 |    25 |    19 ||    64

Table legend:
 A = Non-vault XP
 B = Vault XP
 C = Vault XP percentage of total XP
 D = Non-vault monster count
 E = Vault monster count
 F = Vault count percentage of total count
                 A         B        C        D         E       F
            +---------+---------+-------+---------+---------+-------
      Total |    1547 |      36 |   2.3 |      42 |       1 |   2.3
            +---------+---------+-------+---------+---------+-------
        D:1 |       2 |       0 |   0.0 |       2 |       0 |   0.0
        D:2 |       2 |       0 |   0.0 |       1 |       0 |   0.0
        D:3 |     113 |      36 |  24.2 |      19 |       1 |   5.0
        D:4 |       4 |       0 |   0.0 |       2 |       0 |   0.0
        D:5 |      82 |       0 |   0.0 |       4 |       0 |   0.0
        D:6 |     137 |       0 |   0.0 |       2 |       0 |   0.0
        D:8 |     730 |       0 |   0.0 |       6 |       0 |   0.0
        D:9 |     477 |       0 |   0.0 |       6 |       0 |   0.0
            +---------+---------+-------+---------+---------+-------
